 Dungeon Crawl Stone Soup version 0.18.1-5-g4a78601 (webtiles) character file.

77656 MDvedh the Markscentaur (level 15, -3/120 HPs)
             Began as a Centaur Necromancer on May 12, 2016.
             Was a High Priest of Makhleb.
             Slain by a freezing wraith (8 damage)
             ... led by a death knight
             ... on level 13 of the Dungeon on May 14, 2016.
             The game lasted 02:39:43 (57871 turns).

MDvedh the Markscentaur (Centaur Necromancer)      Turns: 57871, Time: 02:39:45

Health: -3/120     AC: 16    Str: 17    XL:     15   Next: 16%
Magic:  21/21      EV: 14    Int: 14    God:    Makhleb [*****.]
Gold:   545        SH:  0    Dex: 10    Spells: 1 memorised, 14 levels left

rFire  . . .     SeeInvis .     a - +0 shortbow (flame)
rCold  . . .     Gourm    .     p - +2 ring mail {rPois}
rNeg   . . .     Faith    .     (shield currently unavailable)
rPois  +         Spirit   .     n - +1 helmet
rElec  .         Dismiss  .     k - +0 cloak
rCorr  +         Reflect  .     M - +2 pair of gloves
SustAt .         Harm     .     (no barding)
MR     +....     Rnd*Rage +     U - amulet of magic regeneration
Stlth  ..........               D - +4 ring of evasion
                                H - ring of resist corrosion

@: slowed, somewhat resistant to hostile enchantments, extremely unstealthy
A: hooves 3, berserk 1, blurry vision 1, deformed body, speed 2, frail 1, low mp
1, tough skin 3
a: Minor Destruction, Lesser Servant of Makhleb, Major Destruction, Greater
Servant of Makhleb, Renounce Religion


You were on level 13 of the Dungeon.
You worshipped Makhleb.
Makhleb was extremely pleased with you.
You were not hungry.

You visited 3 branches of the dungeon, and saw 23 of its levels.

You collected 1798 gold pieces.
You spent 1253 gold pieces at shops.

Inventory:

Hand Weapons
 a - a +0 shortbow of flaming (weapon)
 b - a +2 dagger of venom
Missiles
 s - 267 stones
 u - 81 arrows (quivered)
 x - 2 javelins
 F - 2 javelins of penetration
Armour
 k - a +0 cloak (worn)
 n - a +1 helmet (worn)
 o - the +2 pair of gloves "Iruirr" {-Cast rF+++ rN++ Str-3}
   (You found it on level 12 of the Dungeon)

   It affects your strength (-3).
   It renders you almost immune to fire.
   It greatly protects you from negative energy.
   It prevents spellcasting.
 p - a +2 ring mail of poison resistance (worn)
 M - a +2 pair of gloves (worn)
Jewellery
 j - an uncursed ring of stealth
 D - a +4 ring of evasion (right hand)
 H - a ring of resist corrosion (left hand)
 U - an amulet of magic regeneration (around neck)
Wands
 f - a wand of hasting (5/9)
 I - a wand of polymorph (16/24)
Scrolls
 i - 4 scrolls of enchant weapon
 q - 8 scrolls of remove curse
 t - 4 scrolls of identify
 y - 4 scrolls of enchant armour
 z - 4 scrolls of immolation
 C - 2 scrolls of blinking
 J - 4 scrolls of amnesia
 K - a scroll of recharging
 O - a scroll of fear
 Q - 4 scrolls of teleportation
 V - a scroll of silence
Potions
 g - 5 potions of brilliance
 h - a potion of berserk rage
 l - 6 potions of might
 m - 3 potions of magic
 v - 2 potions of agility
 B - 5 potions of curing
 L - 4 potions of haste
 N - 2 potions of ambrosia
 R - a potion of lignification
 S - 4 potions of heal wounds
 W - 3 potions of flight
 X - a potion of invisibility
Books
 d - a book of Power

   Spells                             Type                      Level
   a - Fulminant Prism                Conjuration/Hexes            4
   b - Iskenderun's Mystic Blast      Conjuration                  4
   c - Venom Bolt                     Conjuration/Poison           5
   d - Bolt of Magma                  Conjuration/Fire/Earth       5
   e - Iron Shot                      Conjuration/Earth            6
   f - Orb of Destruction             Conjuration                  7
   g - Spellforged Servitor           Conjuration/Summoning        7
 e - a book of Battle

   Spells                             Type                      Level
   a - Infusion                       Charms                       1
   b - Shroud of Golubria             Charms/Translocation         2
   c - Song of Slaying                Charms                       2
   d - Spectral Weapon                Hexes/Charms                 3
   e - Regeneration                   Charms/Necromancy            3
 r - a book of Necromancy

   Spells                             Type                      Level
   a - Pain                           Necromancy                   1
   b - Animate Skeleton               Necromancy                   1
   c - Vampiric Draining              Necromancy                   3
   d - Regeneration                   Charms/Necromancy            3
   e - Animate Dead                   Necromancy                   4
   f - Control Undead                 Necromancy                   4
 w - a book of Enchantments

   Spells                             Type                      Level
   a - Cause Fear                     Hexes                        4
   b - Yara's Violent Unravelling     Hexes/Transmutation          5
   c - Silence                        Hexes/Air                    5
   d - Deflect Missiles               Charms/Air                   6
   e - Haste                          Charms                       6
   f - Discord                        Hexes                        8
 Y - a book of Summonings

   Spells                             Type                      Level
   a - Recall                         Summoning/Translocation      3
   b - Aura of Abjuration             Summoning                    5
   c - Summon Demon                   Summoning                    5
   d - Summon Forest                  Summoning/Translocation      5
   e - Summon Mana Viper              Hexes/Summoning              5
   f - Shadow Creatures               Summoning                    6
Comestibles
 c - 26 fruits
 G - 5 slices of pizza
 P - 6 meat rations


   Skills:
 + Level 12.7 Fighting
 - Level 6.0 Short Blades
 + Level 16.4 Bows
 - Level 10.5 Throwing
 + Level 8.8 Armour
 - Level 4.1 Dodging
 - Level 1.2 Stealth
 - Level 1.5 Spellcasting
 - Level 3.7 Necromancy
 * Level 12.0 Invocations


You had 14 spell levels left.
You knew the following spells:

 Your Spells              Type           Power        Failure   Level  Hunger
b - Regeneration          Chrm/Necr      #.........   65%         3    ####...


Dungeon Overview and Level Annotations

Branches:
Dungeon (13/15)            Temple (0/1) D:6            Lair (8/8) D:10
  Swamp (0/4) Lair:3       Spider (0/4) Lair:5        Slime (0/6) Lair:7
    Orc (2/2) D:12            Elf (0/3) Orc:2
 Vaults: D:13-14

Altars:
Ashenzari
Cheibriados
Dithmenos
Fedhas
Gozag
Kikubaaqudgha
Makhleb
Okawaru
Pakellas
Qazlal
Ru
Sif Muna
Vehumet
Xom
Yredelemnul
Beogh

Shops:
D:7 }   Orc:2 (:}!

Annotations:
D:5 Menkaure
D:8 2 exclusions, Erolcha
Lair:1 exclusions: electric eel, 2 plants and 4 more exclusions
Lair:3 exclusions: electric eel and 5 more exclusions
Lair:6 exclusion: oklob plant


Innate Abilities, Weirdness & Mutations

You have hooves in place of feet.
Armour fits poorly on your strangely shaped body.
You cover ground very quickly.
You have extremely tough skin (AC +3).
You tend to lose your temper in combat.
Scrolls take you a little longer to read.
You are frail (-10% HP).
Your magical capacity is low (-10% MP).


Message History

The death knight invokes the aid of Yredelemnul against you.
You resist with significant effort.
Your quasit bites the freezing wraith but does no damage.
Your quasit closely misses the freezing wraith.
Your quasit claws the freezing wraith but does no damage.
The freezing wraith closely misses you. The freezing wraith hits you!
* * * LOW HITPOINT WARNING * * *
The freezing wraith drains your vigour!
You feel as though you will be slow longer.
Your ufetubus closely misses the freezing wraith.
Your ufetubus misses the freezing wraith.
Something misses your ufetubus.
Something hits your ufetubus but does no damage.
Your ufetubus closely misses the freezing wraith. x2
The death knight hits you from afar with an enchanted glaive.
* * * LOW HITPOINT WARNING * * *
Your quasit bites the freezing wraith but does no damage.
Your quasit claws the freezing wraith but does no damage. x2
The freezing wraith closely misses you. The freezing wraith hits you!
You die...

.............................[
...............#..........
...#...........#..........
................#..#....#.
.........>3...).#....#...##
..........#.3...###.......#.
..........5##55.## ##........
..........$(.#W55.###.........
#..........#p3@#..###........#.
#..............##### ##...#....#
..............รท.5#(.##.##.#.#..#.
.....?..................##....#..
...............(....##. #.......
........................##..#.#..
............#(<........##...####.
.........(...#<.(......###.## #..
........(...........#.## ### ##.


You could see a death knight, a freezing wraith, a friendly neqoxec, a friendly
ynoxinul, a friendly quasit, a friendly crimson imp and 3 friendly ufetubi.

Vanquished Creatures
  Josephine (D:11)
  6 hydras
  A catoblepas (Lair:8)
  3 death yaks (Lair:8)
  A dancing weapon (Orc:2)
  Nergalle (D:12)
  4 hill giants
  An unseen horror (D:11)
  2 griffons
  4 orc sorcerers
  3 black mambas
  17 elephants
  A gargoyle (D:10)
  A rime drake (Lair:7)
  13 spiny frogs
  A freezing wraith (D:12)
  10 komodo dragons
  5 trolls
  4 two-headed ogres
  2 polar bears
  10 blink frogs
  Prince Ribbit (D:10)
  2 slime creatures (Lair:7)
  4 wraiths
  A shadow (D:12)
  3 basilisks
  51 yaks
  4 hungry ghosts
  11 hippogriffs
  3 wargs
  26 water moccasins
  Duvessa (D:7)
  9 orc warriors
  16 porcupines
  3 black bears
  3 sky beasts
  An ice beast (D:7)
  3 necrophages
  9 ogres
  2 wasps
  17 wolves
  2 phantoms
  11 centaurs
  16 crocodiles
  6 big kobolds
  A gnoll sergeant (D:6)
  18 giant frogs
  Dowan (D:7)
  5 scorpions
  A wyvern skeleton (D:11)
  A water moccasin skeleton (D:10)
  6 killer bees
  7 wights
  4 howler monkeys
  An electric eel (Lair:1)
  2 giant frog zombies
  5 crimson imps
  7 jellies
  7 giant frog skeletons
  6 hounds
  15 orc priests
  Jessica (D:2)
  A centaur skeleton (D:10)
  14 iguanas
  32 orc wizards
  5 hell rats (Lair:1)
  8 worker ants
  22 sheep
  2 hound zombies
  4 hound skeletons
  A howler monkey zombie (D:11)
  5 gnolls
  A howler monkey skeleton (D:11)
  14 adders
  67 river rats
  2 shadow imps
  An ooze (D:5)
  2 adder zombies
  3 worms
  3 dart slugs
  7 giant geckos
  84 orcs
  A ball python (D:3)
  2 bats
  8 giant cockroaches
  10 goblins
  7 hobgoblins
  5 jackals
  21 kobolds
  10 quokkas
  A giant gecko skeleton (D:6)
  5 giant newts
  3 quokka skeletons
  A quokka zombie (D:5)
  22 rats
  3 fungi
  7 plants
768 creatures vanquished.

Vanquished Creatures (collateral kills)
  Gastronok (D:12)
  6 hydras
  An ogre mage (Orc:2)
  A catoblepas (Lair:8)
  3 death yaks
  A deep troll shaman (Lair:8)
  The ghost of Lovchig the Protected, a novice MiFi of Nemelex Xobeh (D:8)
  A hill giant (D:12)
  A phantasmal warrior (D:12)
  A cyclops (Orc:1)
  A wolf spider (Lair:5)
  7 orc sorcerers
  3 elephants (Lair:7)
  3 spiny frogs
  6 black mambas
  A centaur skeleton (D:11)
  3 komodo dragons
  A rime drake (Lair:7)
  A polar bear (Lair:8)
  4 trolls
  11 blink frogs
  A two-headed ogre (D:9)
  2 wyverns
  16 yaks
  3 wraiths (D:11)
  A basilisk (Lair:2)
  2 hippogriffs
  2 wargs (D:10)
  A mottled dragon (Lair:6)
  A porcupine (Lair:1)
  9 orc warriors
  2 water moccasins
  An ice beast (D:10)
  A phantom (D:12)
  An ogre (Orc:1)
  3 wolves (Lair:1)
  3 centaurs
  A crocodile (D:11)
  3 giant frogs
  A scorpion (D:12)
  A wight (D:11)
  An electric eel (Lair:1)
  A howler monkey (D:11)
  A quasit (D:8)
  3 orc priests
  12 orc wizards
  7 hell rats (Lair:1)
  3 sheep
  16 river rats
  9 orcs
  A quokka (D:9)
  2 rats (Lair:1)
  A fungus (Lair:8)
170 creatures vanquished.

Vanquished Creatures (others)
  An orc wizard (D:7)
  2 bushes
  36 fungi
  33 plants
72 creatures vanquished.

Grand Total: 1010 creatures vanquished

Notes
Turn   | Place    | Note
--------------------------------------------------------------
     0 | D:1      | MDvedh the Centaur Necromancer began the quest for the Orb.
     0 | D:1      | Reached XP level 1. HP: 14/14 MP: 3/3
   512 | D:1      | Reached skill level 1 in Throwing
   695 | D:1      | Reached XP level 2. HP: 21/22 MP: 2/4
  1396 | D:1      | Reached XP level 3. HP: 14/27 MP: 5/5
  1883 | D:2      | Learned a level 3 spell: Regeneration
  2155 | D:2      | Noticed Jessica
  2160 | D:2      | Killed Jessica
  2160 | D:2      | Reached XP level 4. HP: 34/34 MP: 6/6
  3443 | D:3      | Reached skill level 5 in Throwing
  3443 | D:3      | Reached XP level 5. HP: 20/39 MP: 7/7
  3885 | D:3      | Found a sacrificial altar of Ru.
  4574 | D:3      | Reached XP level 6. HP: 30/46 MP: 8/8
  5735 | D:4      | Found an oddly glowing altar of Pakellas.
  5740 | D:4      | Found a snail-covered altar of Cheibriados.
  5741 | D:4      | Found a basalt altar of Yredelemnul.
  5741 | D:4      | Found a shadowy altar of Dithmenos.
  5741 | D:4      | Found a burning altar of Makhleb.
  5768 | D:4      | Found a shimmering altar of Xom.
  5772 | D:4      | Found an opulent altar of Gozag.
  5781 | D:4      | Became a worshipper of Makhleb the Destroyer
  5943 | D:4      | Reached XP level 7. HP: 41/51 MP: 9/9
  6412 | D:5      | Entered Level 5 of the Dungeon
  7067 | D:5      | Noticed Menkaure
  7685 | D:5      | Reached XP level 8. HP: 54/58 MP: 10/10
  7921 | D:5      | Reached * piety under Makhleb
  7970 | D:5      | Reached skill level 10 in Throwing
  9424 | D:5      | Reached skill level 1 in Fighting
  9740 | D:6      | Got an iridescent glaive
  9741 | D:6      | Identified the cursed +3 glaive "Eladwaot" {chop, +Rage rN+ Int+2} (You found it on level 6 of the Dungeon)
  9790 | D:6      | Found a staircase to the Ecumenical Temple.
  9813 | D:6      | Reached ** piety under Makhleb
  9839 | D:6      | Reached skill level 1 in Armour
 10725 | D:5      | Reached skill level 1 in Bows
 11507 | D:6      | Reached skill level 2 in Bows
 11507 | D:6      | Reached XP level 9. HP: 70/70 MP: 11/11
 11802 | D:7      | Noticed Dowan
 11806 | D:7      | Noticed Duvessa
 12207 | D:7      | Gained mutation: You are frail (-10% HP). [mutagenic meat]
 12208 | D:7      | Gained mutation: You have a pair of small antennae on your head. [mutagenic meat]
 12209 | D:7      | Gained mutation: You are weak. (Str -2) [mutagenic meat]
 13060 | D:6      | Reached skill level 3 in Bows
 13597 | D:7      | Killed Duvessa
 13788 | D:7      | Killed Dowan
 13788 | D:7      | Reached *** piety under Makhleb
 13925 | D:7      | Found Wagomi's Gadget Shop.
 14171 | D:7      | Reached skill level 4 in Bows
 14231 | D:7      | Found an ancient bone altar of Kikubaaqudgha.
 15575 | D:7      | Reached skill level 5 in Bows
 16209 | D:7      | Reached skill level 1 in Invocations
 16222 | D:7      | Reached skill level 6 in Bows
 16428 | D:7      | Found a blossoming altar of Fedhas.
 16534 | D:8      | Lost mutation: You have a pair of small antennae on your head. [mutagenic meat]
 16535 | D:8      | Gained mutation: You tend to lose your temper in combat. [mutagenic meat]
 16536 | D:8      | Gained mutation: You are somewhat resistant to further mutation. [mutagenic meat]
 16555 | D:8      | Noticed Erolcha
 16583 | D:8      | Noticed Lovchig's ghost (novice MiFi)
 16671 | D:8      | Reached XP level 10. HP: 72/72 MP: 12/12
 16684 | D:8      | Reached **** piety under Makhleb
 16967 | D:8      | Reached skill level 7 in Bows
 17222 | D:8      | Found a shattered altar of Ashenzari.
 17341 | D:8      | Found a deep blue altar of Sif Muna.
 18017 | D:8      | Killed Lovchig's ghost
 18155 | D:8      | Noticed a hill giant
 18374 | D:8      | Killed a hill giant
 18374 | D:8      | Reached skill level 8 in Bows
 18374 | D:8      | Reached skill level 5 in Invocations
 19068 | D:8      | Reached skill level 9 in Bows
 19164 | D:8      | Found an iron altar of Okawaru.
 19176 | D:8      | Found a radiant altar of Vehumet.
 19384 | D:8      | Found a stormy altar of Qazlal.
 19864 | D:9      | Found a radiant altar of Vehumet.
 20214 | D:9      | Reached skill level 5 in Fighting
 21046 | D:9      | Reached skill level 10 in Bows
 21268 | D:10     | Entered Level 10 of the Dungeon
 22069 | D:10     | Reached XP level 11. HP: 44/79 MP: 15/15
 22360 | D:10     | Found a staircase to the Lair.
 22455 | D:10     | Gained mutation: You passively map a small area around you. [mutagenic meat]
 22458 | D:10     | Gained mutation: Your system is resistant to poisons. [mutagenic meat]
 22589 | D:10     | Reached skill level 11 in Bows
 22872 | D:10     | Reached ***** piety under Makhleb
 23300 | D:10     | Noticed a two-headed hydra
 23358 | D:10     | Killed a two-headed hydra
 23616 | Lair:1   | Entered Level 1 of the Lair of Beasts
 23662 | Lair:1   | Noticed Prince Ribbit
 23703 | D:10     | Killed Prince Ribbit
 23926 | D:10     | Reached skill level 12 in Bows
 24201 | Lair:1   | Noticed an eight-headed hydra
 24208 | Lair:1   | Killed an eight-headed hydra
 25601 | Lair:1   | Reached skill level 13 in Bows
 27053 | Lair:1   | Noticed a six-headed hydra
 27079 | Lair:1   | Killed a six-headed hydra
 27079 | Lair:1   | Reached XP level 12. HP: 95/95 MP: 16/16
 28969 | Lair:1   | Reached skill level 10 in Fighting
 29763 | Lair:2   | Reached skill level 14 in Bows
 31288 | Lair:2   | Noticed an eight-headed hydra
 31315 | Lair:2   | Killed an eight-headed hydra
 31365 | Lair:2   | Reached skill level 1 in Short Blades
 31688 | Lair:2   | Noticed a five-headed hydra
 31713 | Lair:2   | Killed a five-headed hydra
 31906 | Lair:2   | Noticed Sonja
 31908 | Lair:2   | Noticed Sonja
 31908 | Lair:2   | Sonja changed into Sonja the basilisk
 31917 | Lair:2   | Killed Sonja the basilisk
 32142 | Lair:3   | Lost mutation: Your system is resistant to poisons. [potion of cure mutation]
 32142 | Lair:3   | Lost mutation: You passively map a small area around you. [potion of cure mutation]
 32142 | Lair:3   | Lost mutation: You are somewhat resistant to further mutation. [potion of cure mutation]
 32142 | Lair:3   | Lost mutation: You are weak. (Str -2) [potion of cure mutation]
 33235 | Lair:3   | Found a staircase to the Swamp.
 33261 | Lair:3   | Noticed an eight-headed hydra
 33272 | Lair:3   | Killed an eight-headed hydra
 33272 | Lair:3   | Reached skill level 5 in Armour
 35207 | Lair:5   | Found a hole to the Spider Nest.
 35719 | Lair:5   | Reached skill level 5 in Short Blades
 36051 | Lair:5   | Reached XP level 13. HP: 102/102 MP: 17/17
 38891 | Lair:7   | Found a staircase to the Slime Pits.
 42174 | D:11     | Noticed Josephine
 42191 | D:11     | Killed Josephine
 42191 | D:11     | Reached skill level 15 in Bows
 43292 | D:12     | Found a staircase to the Orcish Mines.
 43353 | D:12     | Noticed Nergalle
 43404 | D:12     | Killed Nergalle
 43412 | D:12     | Got a pair of scorched gloves
 43423 | D:12     | Identified the +2 pair of gloves "Iruirr" {-Cast rF+++ rN++ Str-3} (You found it on level 12 of the Dungeon)
 43555 | D:12     | Noticed Gastronok
 43644 | D:12     | Killed Gastronok
 44025 | D:12     | Found a shimmering altar of Xom.
 44025 | D:12     | Found a sacrificial altar of Ru.
 44035 | D:12     | Noticed a fire giant
 45070 | Lair:7   | Gained mutation: Scrolls take you a little longer to read. [potion of mutation]
 45070 | Lair:7   | Gained mutation: Your magical capacity is low (-10% MP). [potion of mutation]
 45486 | Lair:7   | Reached XP level 14. HP: 111/111 MP: 18/18
 47566 | Lair:8   | Entered Level 8 of the Lair of Beasts
 49339 | Lair:8   | Reached skill level 10 in Invocations
 51435 | Lair:8   | Reached skill level 16 in Bows
 53770 | Orc:1    | Entered Level 1 of the Orcish Mines
 54447 | Orc:2    | Entered Level 2 of the Orcish Mines
 55267 | Orc:2    | Found a staircase to the Elven Halls.
 55992 | Orc:2    | Paralysed by an orc sorcerer for 7 turns
 56023 | Orc:2    | Found Xubetogg's Antique Weapon Emporium.
 56052 | Orc:2    | Paralysed by an orc sorcerer for 7 turns
 56064 | Orc:2    | Reached XP level 15. HP: 120/120 MP: 21/21
 56172 | Orc:2    | Found an ancient bone altar of Kikubaaqudgha.
 56416 | Orc:2    | Found Jicrewki's Book Shoppe.
 56487 | Orc:2    | Found Wuniezeh's Gadget Emporium.
 56487 | Orc:2    | Found a roughly hewn altar of Beogh.
 56537 | Orc:2    | Found Xuexapao's Distillery.
 56550 | Orc:2    | Bought 2 potions of curing for 96 gold pieces
 56550 | Orc:2    | Bought a potion of curing for 48 gold pieces
 56550 | Orc:2    | Bought a potion of haste for 160 gold pieces
 56550 | Orc:2    | Bought a potion of curing for 48 gold pieces
 56550 | Orc:2    | Bought a potion of curing for 48 gold pieces
 56559 | Orc:2    | Bought a wand of hasting (5/9) for 594 gold pieces
 56632 | Orc:2    | Bought a polished dagger for 259 gold pieces
 56632 | Orc:2    | Identified the cursed +1 dagger of Inconvenience {antimagic, rC+ Dex+2} (You bought it in a shop on level 2 of the Orcish Mines)
 57871 | D:13     | HP: 5/120 [death knight/enchanted glaive (3)]
 57871 | D:13     | Slain by a freezing wraith

Skill      XL: |  1  2  3  4  5  6  7  8  9 10 11 12 13 14 15 |
---------------+----------------------------------------------+-----
Throwing       | 1 2 3 5 6 7 9 10 | 10.5
Fighting       | 3 4 6 9 10 11 12 | 12.7
Armour         | 2 3 6 7 8 |  8.8
Dodging        | 3 4 |  4.1
Bows           | 2 6 10 13 14 15 16 | 16.4
Invocations    | 2 5 8 11 12 | 12.0
Short Blades   | 5 6 |  6.0
Stealth        | |  1.2
Spellcasting   | |  1.5
Necromancy     | |  3.7

Action                   |  1- 3 |  4- 6 |  7- 9 | 10-12 | 13-15 || total
-------------------------+-------+-------+-------+-------+-------++-------
Melee: Dagger            |    96 |   251 |   620 |       |  1157 ||  2124
       Kick              |    13 |    35 |   156 |   271 |   477 ||   952
       Unarmed           |     3 |       |       |       |       ||     3
       Hand axe          |       |       |    52 |       |       ||    52
       Short sword       |       |       |   161 |  1069 |   239 ||  1469
       Shortbow          |       |       |       |     1 |     2 ||     3
 Fire: Shortbow          |       |       |   194 |  1317 |  1507 ||  3018
Throw: Javelin           |    32 |    53 |    94 |     9 |    27 ||   215
       Stone             |       |       |    78 |    71 |   321 ||   470
       Throwing net      |       |       |     3 |       |       ||     3
 Cast: Pain              |     7 |       |       |       |       ||     7
       Regeneration      |       |       |       |     2 |     1 ||     3
Invok: Lesser Servant of |       |       |     1 |    43 |    58 ||   102
Evoke: Wand              |       |       |       |     2 |       ||     2
  Use: Potion            |       |     1 |       |     5 |     5 ||    11
       Scroll            |       |     7 |    11 |    10 |     9 ||    37
 Stab: Sleeping          |       |     3 |     2 |       |       ||     5
       Distracted        |       |       |       |       |     1 ||     1
  Eat: Chunk             |     3 |     5 |    24 |    31 |    31 ||    94
       Bread ration      |       |     1 |     1 |     7 |     6 ||    15
       Fruit             |       |       |     3 |     1 |       ||     4
       Meat ration       |       |       |     1 |     1 |       ||     2
       Beef jerky        |       |       |     2 |     3 |     4 ||     9
       Royal jelly       |       |       |       |     1 |       ||     1
       Pizza             |       |       |       |       |     5 ||     5
Armor: Robe              |    31 |       |       |       |       ||    31
       Ring mail         |     8 |   119 |   400 |   607 |   809 ||  1943
       Scale mail        |       |       |     1 |       |       ||     1
Dodge: Dodged            |    34 |    83 |   302 |   567 |  1262 ||  2248
Block: Buckler           |       |     1 |       |       |       ||     1
